 Dungeon Crawl Stone Soup version 0.18-a0-1805-g8ab820f (webtiles) character file.

350 poirepourri the Skirmisher (level 6, -7/55 HPs)
             Began as a Hill Orc Fighter on Apr 25, 2016.
             Killed by nerve-wracking pain
             ... invoked by Grinder
              (13 damage)
             ... on level 3 of the Dungeon.
             The game lasted 00:04:25 (3253 turns).

poirepourri the Skirmisher (Hill Orc Fighter)       Turns: 3253, Time: 00:04:26

Health: -7/55      AC: 10    Str: 21    XL:     6   Next: 60%
Magic:  6/6        EV:  8    Int:  8    God:
Gold:   175        SH:  9    Dex: 10    Spells: 0 memorised, 5 levels left

rFire  . . .     SeeInvis .     a - +1 war axe
rCold  . . .     Gourm    .     b - +0 scale mail
rNeg   . . .     Faith    .     c - +0 shield
rPois  .         Spirit   .     (no helmet)
rElec  .         Dismiss  +     n - +0 cloak
rCorr  .         Reflect  .     j - +1 pair of gloves
SustAt .         Harm     .     (no boots)
MR     .....                    k - amulet of dismissal
Stlth  +.........               (no ring)
                                h - ring of stealth

@: not resistant to hostile enchantments, very unstealthy
A: no striking features
a: no special abilities


You were on level 3 of the Dungeon.
You were not hungry.

You visited 1 branch of the dungeon, and saw 3 of its levels.

You collected 175 gold pieces.

Inventory:

Hand Weapons
 a - a +1 war axe (weapon)
Missiles
 p - 39 bolts
Armour
 b - a +0 scale mail (worn)
 c - a +0 shield (worn)
 j - a +1 pair of gloves (worn)
 n - a +0 cloak (worn)
Jewellery
 e - a +4 ring of intelligence
 h - a ring of stealth (left hand)
 k - an amulet of dismissal (around neck)
Scrolls
 d - a scroll of teleportation
 i - a scroll of remove curse
Comestibles
 f - 3 bread rations
 g - 2 beef jerkies


   Skills:
 + Level 4.8 Fighting
 + Level 4.7 Axes
 + Level 4.5 Armour
 + Level 2.0 Dodging
 + Level 0.3 Stealth
 + Level 4.6 Shields


You had 5 spell levels left.
You didn't know any spells.

Dungeon Overview and Level Annotations

Branches:
Dungeon (3/15)

Altars:
Elyvilon
Pakellas
Vehumet
The Shining One

Annotations:
D:3 Grinder


Message History

You completely miss Grinder.
Grinder is heavily wounded.
You hit the plant but do no damage.
The plant is moderately damaged.
You block Grinder's attack.
You slash Grinder!
Grinder is severely wounded.
You slash the plant!
The plant is moderately damaged.
Grinder gestures at you. Pain shoots through your body!
* * * LOW HITPOINT WARNING * * *
You hit Grinder.
Grinder is severely wounded.
You hit the plant but do no damage.
The plant is moderately damaged.
Grinder barely misses you. Grinder gestures at you.
Pain shoots through your body!
You die...

.#.##..#.# .'..#
#.......#.#.#.#
.#.##.##.####..#
#....†....#.#.# .#.#..
#.......+ #.........#.#.#
.#.#.. #......†##
##.#...##.#.#.#
.#.#.###.####.))+
#.######.....#
.#.......#..#.†.#
#.....########
####.#†..#.!#...# #.....#
#.#..#...#'###..####.....#
....##...#..)'..@5.......#
.#..##.#.#..)#...P.......#
÷..###.#.#..%#..####.....#
.#.# #.#.#'###..#..#.....#
...###.#.#..#...#.)'.....##
...>...#.#..#...####......##
.#######.####.........###..#
## #..............# ##.##
##.##...........# #..#


You could see Grinder.

Vanquished Creatures
  A necrophage (D:3)
  A hound (D:3)
  Jessica (D:2)
  An orc wizard (D:3)
  4 gnolls (D:3)
  6 adders
  4 worms
  A dart slug (D:1)
  3 giant geckos
  6 orcs (D:3)
  A giant cockroach (D:3)
  7 goblins
  7 hobgoblins
  5 jackals
  8 bats
  7 giant newts
  9 kobolds
  6 rats
  2 bushes (D:2)
  2 plants (D:2)
82 creatures vanquished.

Notes
Turn   | Place    | Note
--------------------------------------------------------------
     0 | D:1      | poirepourri the Hill Orc Fighter began the quest for the Orb.
     0 | D:1      | Reached XP level 1. HP: 19/19 MP: 1/1
   171 | D:1      | Reached XP level 2. HP: 17/27 MP: 2/2
   506 | D:1      | Reached XP level 3. HP: 29/33 MP: 3/3
   733 | D:2      | Noticed Jessica
   739 | D:2      | Killed Jessica
   739 | D:2      | Reached XP level 4. HP: 6/40 MP: 4/4
  1078 | D:2      | Reached skill level 1 in Dodging
  1330 | D:2      | Found a glowing golden altar of the Shining One.
  2091 | D:3      | Found an oddly glowing altar of Pakellas.
  2193 | D:3      | Reached XP level 5. HP: 43/46 MP: 5/5
  2210 | D:3      | Noticed a necrophage
  2218 | D:3      | Killed a necrophage
  2390 | D:3      | Reached XP level 6. HP: 47/53 MP: 6/6
  2767 | D:3      | Noticed Grinder
  2767 | D:3      | Paralysed by Grinder for 6 turns
  2775 | D:3      | Paralysed by Grinder for 7 turns
  2784 | D:3      | HP: 1/53 [Grinder (5)]
  2791 | D:3      | HP: 1/53 [Grinder (4)]
  2811 | D:2      | Found a white marble altar of Elyvilon.
  2811 | D:2      | Found a radiant altar of Vehumet.
  3227 | D:3      | Paralysed by Grinder for 4 turns
  3253 | D:3      | Killed from afar by Grinder

Vault maps used:
D:1:      matt_arrival_debris, kennysheep_boxes
D:2:      nicolae_overflow_hidden_temple, serial_forest,
          infiniplex_forest_clump_small, infiniplex_forest_end_1,
          infiniplex_forest_end_2, infiniplex_forest_clump_diagonal,
          infiniplex_forest_zigzag_1, infiniplex_forest_zigzag_1, first_bread,
          nicolae_tso_carved_into_rock, uniq_jessica
D:3:      corexii_shack_village, lemuel_doored_altar, serial_co_window_serial,
          co_window_corner_a, co_window_paths_b, co_window_paths_a,
          co_window_corner_a, co_window_paths_a, co_window_paths_a,
          co_window_of_opportunity_a, co_window_corner_a, co_window_paths_a,
          co_window_paths_c, co_window_unsneaky_path_b, co_window_corner_b,
          co_window_2corner, co_window_broadway_a, co_window_of_opportunity_c,
          glass_columns_a, glass_columns_b, glass_columns_a, minmay_unequal,
          uniq_grinder

Skill      XL: |  1  2  3  4  5  6 |
---------------+-------------------+-----
Fighting       | 4 |  4.8
Axes           | 3 4 |  4.7
Shields        | 4 |  4.6
Dodging        | 1 2 |  2.0
Armour         | 4 |  4.5
Stealth        | |  0.3

Action                   |  1- 3 |  4- 6 || total
-------------------------+-------+-------++-------
Melee: War axe           |   104 |   308 ||   412
  Use: Scroll            |     7 |     2 ||     9
       Potion            |     1 |     4 ||     5
  Eat: Bread ration      |       |     2 ||     2
       Beef jerky        |       |     1 ||     1
Armor: Scale mail        |    56 |   119 ||   175
Dodge: Dodged            |    41 |    92 ||   133
Block: Shield            |    62 |   118 ||   180
